 Dungeon Crawl Stone Soup version 0.23.2-1-ga50397a (webtiles) character file.

Game seed: 12218704028746519066

9830 schauveau the Slinger (level 11, -15/78 HPs)
             Began as a Halfling Hunter on May 2, 2019.
             Was an Elder of Dithmenos.
             Killed from afar by Harold (22 damage)
             ... with a harpoon shot
             ... on level 9 of the Dungeon.
             The game lasted 00:35:47 (16496 turns).

schauveau the Slinger (Halfling Hunter)            Turns: 16496, Time: 00:35:48

Health: -15/78     AC:  4    Str: 18    XL:     11   Next: 81%
Magic:  9/9        EV: 28    Int:  9    God:    Dithmenos [****..]
Gold:   319        SH:  0    Dex: 19    Spells: 10/10 levels left

rFire    . . .     SeeInvis .   a - +1 hunting sling
rCold    . . .     Gourm    .   (shield restricted)
rNeg     . . .     Faith    .   c - +1 leather armour
rPois    .         Spirit   .   (no helmet)
rElec    .         Reflect  .   (no cloak)
rCorr    .         Harm     .   (no gloves)
MR       .....                  (no boots)
Stlth    +++++++...             O - amulet of regeneration
HPRegen  0.63/turn              j - +3 ring of evasion
MPRegen  0.11/turn              (no ring)

@: mighty, marked, hasted, wreathed by umbra, lightly drained, very quick
A: small, repulsion field 1, low mp 1, mutation resistance 1
a: Shadow Step, Renounce Religion


You were on level 9 of the Dungeon.
You worshipped Dithmenos.
Dithmenos was greatly pleased with you.
You were not hungry.

You visited 2 branches of the dungeon, and saw 11 of its levels.

You collected 613 gold pieces.
You spent 294 gold pieces at shops.

Inventory:

Hand Weapons
 a - a +1 hunting sling (weapon)
 b - a +0 shortbow
 x - a +0 short sword
 S - a +0 mace
Missiles
 h - 46 poisoned needles
 i - 50 stones (quivered)
 n - 174 arrows
 p - 67 bolts
 N - 12 tomahawks
Armour
 c - a +1 leather armour (worn)
Magical Staves
 J - an uncursed staff of death
Jewellery
 j - a +3 ring of evasion (left hand)
 r - an uncursed amulet of harm
 s - an uncursed amulet of guardian spirit
 O - an amulet of regeneration (around neck)
 P - an uncursed amulet of faith {unknown}
Wands
 d - a wand of acid (7)
 o - a wand of disintegration (10)
 G - a wand of iceblast (6)
 K - a wand of flame (12)
 L - a wand of enslavement (9)
 M - a wand of random effects (23)
 Q - a wand of paralysis (6)
Scrolls
 e - 2 scrolls of teleportation
 g - 2 scrolls of blinking
 l - a scroll of summoning
 q - 4 scrolls of fog
 y - 2 scrolls of enchant weapon {unknown}
 A - 7 scrolls of remove curse
 B - 2 scrolls of random uselessness
 C - 2 scrolls of immolation
 F - 3 scrolls of fear
 H - a scroll of noise {unknown}
 I - a scroll of magic mapping
 R - 3 scrolls of identify
 T - a scroll of enchant armour
Potions
 k - 3 potions of brilliance
 m - a potion of might
 t - 2 potions of lignification
 v - 6 potions of flight
 z - a potion of degeneration {unknown}
 D - a potion of cancellation {unknown}
 E - 3 potions of ambrosia {unknown}
Comestibles
 f - 7 rations


   Skills:
 + Level 8.7(8.5) Fighting
 - Level 2.9(2.7) Short Blades
 - Level 12.2(12.0) Slings
 - Level 1.4(1.2) Bows
 - Level 2.2(2.0) Armour
 + Level 10.0(9.8) Dodging
 + Level 10.4(10.2) Stealth


You had 10 spell levels left.
You didn't know any spells.
Your spell library contained the following spells:

 Spells                   Type           Power        Failure   Level  Hunger
 Confusing Touch          Hex            #.....       43%         1    ##.....
 Freeze                   Ice            #...         43%         1    ##.....
 Throw Frost              Conj/Ice       #.....       58%         2    ###....
 Confuse                  Hex            #.......     82%         3    ####...
 Gell's Gravitas          Tloc           #.........   82%         3    ####...
 Ozocubu's Armour         Chrm/Ice       #.......     82%         3    ####...
 Petrify                  Tmut/Erth      #.......     99%         4    #####..
 Summon Ice Beast         Ice/Summ       #.......     99%         4    #####..
 Throw Icicle             Conj/Ice       #.......     99%         4    #####..
 Metabolic Englaciation   Hex/Ice        #.........   100%        5    ######.
 Yara's Violent Unravell  Hex/Tmut       #.........   100%        5    ######.


Dungeon Overview and Level Annotations

Branches:
Dungeon (10/15)            Temple (1/1) D:4            Lair (0/6) D:8
    Orc: D:9-12

Altars:
Ashenzari
Cheibriados
Dithmenos
Elyvilon
Fedhas
Gozag
Hepliaklqana
Kikubaaqudgha
Makhleb
Nemelex Xobeh
Okawaru
Qazlal
Ru
Sif Muna
Trog
Uskayaw
Vehumet
Wu Jian
Xom
Yredelemnul
Zin
The Shining One

Shops:
D:9 =

Annotations:
D:2 Sigmund
D:5 exclusion: door
D:6 2 runed translucent doors, exclusions: adder, ball python, player ghost and 3 more exclusions, Aske's ghost, novice GrGl
D:9 Harold
D:10 Fannar


Innate Abilities, Weirdness & Mutations

You are small and have problems with some larger weapons.
You are somewhat resistant to further mutation.
You are surrounded by a mild repulsion field. (EV +2)
Your magical capacity is low. (-10% MP)


Message History

Aim: Harold, wielding a +0 dire flail and wearing a +0 scale mail of fire resistance (heavily wounded, umbra)
You shoot a stone. The stone hits Harold.
Harold is heavily wounded.
Firing (i - inventory. (/) - cycle)
i - 51 stones (quivered)
Press: ? - help, Shift-Dir - straight line, f/p - Harold
Aim: Harold, wielding a +0 dire flail and wearing a +0 scale mail of fire resistance (heavily wounded, umbra)
You shoot a stone. The stone closely misses Harold.
Harold hits you with a +0 dire flail!
You are too injured to fight recklessly!
You are too injured to fight recklessly!
You are too injured to fight recklessly!
You are too injured to fight recklessly!
You are too injured to fight recklessly!
You feel very mighty all of a sudden. Harold hits you with a +0 dire flail!!
* * * LOW HITPOINT WARNING * * *
You feel yourself speed up. Harold casts a spell at you.
The harpoon shot hits you!!
You die...

######.##.......)# #.......<.
#.......#........# #.........
#.......#........#######.........
#.......#........#.#.#.####......
#.......#....##..##.#.#'..##.....
#.......#....#.....#.#.#..##.....
#########....#...##.#.######.....
.............#...###### #.....
......########..@.#...# #.....
>((.(((((...((@...'...# #.###'
#.....#...........##..# #.#...
#.....#............#..# #.#...
#.....#............#..# #.####
#.....#............#..# #.....
#.....######'##....#..######..)>[
#.............#....#.............
#.............#....#.............


You could see Harold.

Vanquished Creatures
  A two-headed ogre (D:8)
  Pikel (D:4)
  5 gargoyles (D:9)
  2 trolls (D:9)
  A polar bear (D:8)
  3 hornets (D:9)
  A wyvern (D:9)
  5 yaks (D:9)
  Menkaure (D:4)
  A water moccasin (D:7)
  2 orc warriors
  4 slaves
  2 ice beasts
  2 phantoms
  3 sky beasts
  3 black bears
  2 necrophages
  3 ogres
  4 centaurs
  A crocodile (D:8)
  10 bullfrogs
  A water moccasin zombie (D:3)
  5 scorpions
  4 killer bees (D:8)
  7 wights
  3 howler monkeys (D:10)
  2 vampire bats (D:4)
  2 electric eels (D:8)
  5 crimson imps
  A bullfrog zombie (D:10)
  3 jellies
  3 orc priests
  A centaur zombie (D:6)
  A centaur skeleton (D:9)
  3 hounds
  8 orc wizards
  Terence (D:2)
  2 bullfrog skeletons
  Ijyb (D:4)
  5 worker ants
  A bullfrog simulacrum (D:8)
  A howler monkey zombie (D:6)
  4 gnolls
  12 adders
  2 shadow imps
  4 white imps (D:8)
  2 oozes
  2 adder skeletons
  3 worms
  3 dart slugs
  An adder simulacrum (D:8)
  7 leopard geckos
  37 orcs
  A ball python (D:3)
  15 bats
  2 bat skeletons (D:4)
  3 bat zombies (D:4)
  3 giant cockroaches
  7 goblins
  7 hobgoblins
  5 jackals
  4 quokkas
  6 frilled lizards
  A jackal skeleton (D:5)
  10 kobolds
  A leopard gecko zombie (D:8)
  A quokka skeleton (D:9)
  10 rats
270 creatures vanquished.

Vanquished Creatures (others)
  6 fungi (D:8)
  A plant (D:8)
  5 toadstools (D:6)
12 creatures vanquished.

Grand Total: 282 creatures vanquished

Notes
Turn   | Place    | Note
-------+----------+-------------------------------------------
     0 | D:1      | schauveau the Halfling Hunter began the quest for the Orb.
     0 | D:1      | Reached XP level 1. HP: 14/14 MP: 1/1
   111 | D:1      | Reached skill level 6 in Slings
   606 | D:1      | Reached XP level 2. HP: 19/19 MP: 2/2
  1424 | D:1      | Reached XP level 3. HP: 24/24 MP: 3/3
  1797 | D:2      | Reached skill level 7 in Slings
  1808 | D:2      | Noticed Sigmund
  2092 | D:2      | Reached skill level 1 in Short Blades
  2142 | D:2      | Reached XP level 4. HP: 27/29 MP: 4/4
  2168 | D:2      | Reached skill level 1 in Armour
  2588 | D:2      | Noticed Terence
  2621 | D:2      | Killed Terence
  3178 | D:3      | Reached XP level 5. HP: 34/34 MP: 5/5
  3818 | D:4      | Noticed a sky beast
  3954 | D:3      | Reached XP level 6. HP: 25/40 MP: 6/6
  4082 | D:3      | HP: 2/40 [centaur/arrow (9)]
  4098 | D:3      | Reached skill level 8 in Slings
  4336 | D:4      | Noticed an ogre
  4988 | D:4      | Reached skill level 1 in Bows
  4988 | D:4      | Reached XP level 7. HP: 20/45 MP: 7/7
  5222 | D:4      | Noticed Pikel
  5380 | D:4      | Noticed Menkaure
  5386 | D:4      | Killed Menkaure
  5386 | D:4      | Reached skill level 9 in Slings
  5577 | D:5      | Entered Level 5 of the Dungeon
  6183 | D:5      | Gained mutation: Your muscles are strong. (Str +2) [potion
                  | of mutation]
  6540 | D:5      | Reached skill level 10 in Slings
  6764 | D:4      | Reached XP level 8. HP: 52/52 MP: 8/8
  6765 | D:4      | Found a staircase to the Ecumenical Temple.
  6773 | Temple   | Entered the Ecumenical Temple
  6865 | Temple   | Became a worshipper of Dithmenos the Shadowed
  7091 | D:4      | You fall through a shaft for 3 floors!
  7282 | D:6      | Found a runed translucent door.
  7282 | D:6      | Noticed Aske's ghost (novice GrGl)
  8112 | D:5      | Found an iron altar of Okawaru.
  8482 | D:5      | Reached skill level 11 in Slings
  8482 | D:5      | Reached XP level 9. HP: 52/59 MP: 7/9
  8613 | D:4      | Killed Pikel
  8613 | D:4      | Reached skill level 5 in Fighting
  8613 | D:4      | Reached skill level 5 in Dodging
  8613 | D:4      | Reached skill level 5 in Stealth
  8681 | D:4      | Reached * piety under Dithmenos
  8760 | D:4      | Noticed Ijyb
  8775 | D:4      | Killed Ijyb
  8935 | D:4      | Found an ancient bone altar of Kikubaaqudgha.
  9076 | D:4      | Lost mutation: Your muscles are strong. (Str +2) [potion of
                  | mutation]
  9076 | D:4      | Gained mutation: Your magical capacity is low. (-10% MP)
                  | [potion of mutation]
  9076 | D:4      | Gained mutation: You are surrounded by a mild repulsion
                  | field. (EV +2) [potion of mutation]
  9574 | D:6      | Found a runed translucent door.
  9791 | D:6      | Reached skill level 12 in Slings
 10031 | D:6      | Reached XP level 10. HP: 37/68 MP: 5/9
 10071 | D:6      | Reached ** piety under Dithmenos
 11505 | D:8      | Noticed a two-headed ogre
 11672 | D:8      | Killed a two-headed ogre
 11735 | D:8      | Reached *** piety under Dithmenos
 12155 | D:8      | Found a staircase to the Lair.
 12715 | D:8      | Reached XP level 11. HP: 46/75 MP: 9/9
 13763 | D:9      | Found Empey's Jewellery Shop.
 13767 | D:9      | Bought a +3 ring of evasion for 294 gold pieces
 14709 | D:9      | Reached skill level 10 in Stealth
 14745 | D:9      | Reached **** piety under Dithmenos
 14964 | D:10     | Entered Level 10 of the Dungeon
 15334 | D:10     | Found a shattered altar of Ashenzari.
 15393 | D:10     | Noticed Harold
 15944 | D:10     | Reached skill level 10 in Dodging
 16446 | D:10     | Noticed Fannar
 16496 | D:9      | Killed from afar by Harold

Skill      XL: |  1  2  3  4  5  6  7  8  9 10 11 |
---------------+----------------------------------+-----
Slings         | 6 7 8 10 11 12 | 12.2
Short Blades   | 1 2 |  2.9
Armour         | 1 2 |  2.2
Fighting       | 2 3 4 5 7 8 |  8.7
Dodging        | 3 4 6 8 10 | 10.0
Bows           | 1 |  1.4
Stealth        | 4 6 8 10 | 10.4

Action                   |  1- 3 |  4- 6 |  7- 9 | 10-12 || total
-------------------------+-------+-------+-------+-------++-------
Melee: Short sword       |    86 |   102 |     3 |       ||   191
       Hunting sling     |       |       |     1 |     5 ||     6
 Fire: Hunting sling     |    14 |    88 |   534 |  1145 ||  1781
       Shortbow          |       |    17 |       |    28 ||    45
Throw: Tomahawk          |       |       |       |     1 ||     1
Evoke: Wand              |       |       |     3 |     1 ||     4
  Use: Scroll            |       |     2 |     9 |    10 ||    21
       Potion            |       |     2 |     4 |     4 ||    10
 Stab: Sleeping          |     2 |     2 |       |       ||     4
  Eat: Chunk             |     2 |     2 |     1 |     3 ||     8
       Ration            |     1 |     2 |     4 |     4 ||    11
Armor: Leather armour    |    21 |    30 |    24 |    16 ||    91
Dodge: Dodged            |    77 |   134 |   189 |   514 ||   914
